 Dungeon Sprint DCSS version 0.29-a0-824-gd827844252 (webtiles) character file.

Game seed: 12126653605079820697

23021 mhtbhm the Shatterer (level 13, -4/100 HPs)
             Began as a Gargoyle Berserker on July 9, 2022.
             Was the Champion of Trog.
             Engulfed by a cloud of freezing vapour (23 damage)
             ... in the Dungeon (Sprint I: "Red Sonja").
             The game lasted 00:13:17 (5431 turns).

mhtbhm the Shatterer (Gargoyle Berserker)           Turns: 5431, Time: 00:13:18

Health: -4/100     AC: 22    Str: 23    XL:     13   Next: 4%
Magic:  13/13      EV: 16    Int: 11    God:    Trog [******]
Gold:   2826       SH:  0    Dex: 14    Spells: 12/12 levels left

rFire   + + +      SeeInvis .   a - +3 great mace (drain)
rCold   . . .      Faith    .   (shield currently unavailable)
rNeg    + . .      Spirit   .   b - +3 ring mail {rF+}
rPois   ∞          Reflect  .   C - +0 helmet
rElec   +          Harm     .   k - scarf {repulsion}
rCorr   .          Rampage  .   D - +0 pair of gloves
Will    ++...      NoTele   +   (no boots)
Stlth   ++++......              r - amulet of Asceticism {RegenMP rElec rF+++ Str-3 Stlth+}
HPRegen 0.26/turn               s - +6 ring of dexterity
MPRegen 0.53/turn               t - ring of protection from fire

@: repel missiles
A: sickness immunity, AC +9, negative energy resistance 1, electricity
resistance, torment resistance 1, petrification resistance, clever 1,
strong-willed 2, screaming 1
a: Renounce Religion, Berserk, Trog's Hand, Brothers in Arms


You were in the Dungeon.
You worshipped Trog.
Trog was exalted by your worship.
You visited 1 branch You collected 6232 gold pieces.
You spent 3406 gold pieces at shops.

Inventory:

Hand Weapons
 a - a +3 great mace of draining (weapon)
 z - a +5 dire flail of draining
Missiles
 q - a curare-tipped dart (quivered)
 v - 4 javelins
Armour
 b - a +3 ring mail of fire resistance (worn)
 k - a scarf of repulsion (worn)
 A - the +5 plate armour of Rotation {rC- rN+ Will+}
   (You acquired it in the Dungeon)

   rC:        It makes you vulnerable to cold.
   rN:        It protects you from negative energy.
   Will:      It increases your willpower.
 C - a +0 helmet (worn)
 D - a +0 pair of gloves (worn)
Jewellery
 r - the amulet of Asceticism (around neck) {RegenMP rElec rF+++ Str-3 Stlth+}
   (You acquired it in the Dungeon)

   [amulet of magic regeneration]

   It increases your rate of magic regeneration.
   Str:       It affects your strength (-3).
   rF:        It renders you almost immune to fire.
   rElec:     It insulates you from electricity.
   Stlth:     It makes you more stealthy.
 s - a +6 ring of dexterity (left hand)
 t - a ring of protection from fire (right hand)
 x - a ring of positive energy
Wands
 o - a wand of charming (7)
 y - a wand of flame (8)
Scrolls
 m - 4 scrolls of blinking
 n - 2 scrolls of enchant weapon
 u - 2 scrolls of fog
 w - a scroll of fear
 B - a scroll of silence
Potions
 c - 4 potions of curing
 e - 3 potions of haste
 f - 2 potions of magic
 g - a potion of berserk rage
 h - 5 potions of heal wounds
 i - 3 potions of brilliance
 j - a potion of lignification
 l - 3 potions of might
Miscellaneous
 d - a lightning rod (4/4)


   Skills:
 + Level 19.5 Fighting
 + Level 22.2 Maces & Flails
 + Level 1.3 Throwing
 + Level 9.8 Armour
 + Level 12.0 Dodging
 + Level 7.9 Stealth
 + Level 0.8 Evocations


You had 12 spell levels left.
You didn't know any spells.
Your spell library was empty.

Dungeon Overview and Level Annotations

Branches:
Dungeon (1/1)

Altars:
Cheibriados
Dithmenos
Elyvilon
Fedhas
Gozag
Hepliaklqana
Kikubaaqudgha
Makhleb
Nemelex Xobeh
Okawaru
Qazlal
Ru
Sif Muna
Trog
Uskayaw
Vehumet
Wu Jian
Xom
Yredelemnul
Zin
The Shining One
Jiyva
Lugonu

Shops:
D :*(((((*=(![[*==*[[[[?

Annotations:
D exclusion: oklob plant, Tiamat


Innate Abilities, Weirdness & Mutations

You are immune to sickness and miasma.
Your stone body is resilient. (AC +9)
You are immune to poison.
You resist negative energy. (rN+)
You are resistant to electric shocks. (rElec)
You are resistant to unholy torment.
You are immune to petrification.
Your mind is acute. (Int +4, Str/Dex -1)
You are highly strong-willed. (Will++)
You occasionally shout uncontrollably at your foes.


Message History

You now have 2367 gold pieces (gained 27).
You now have 2394 gold pieces (gained 27).
You now have 2421 gold pieces (gained 27).
You now have 2448 gold pieces (gained 27).
You now have 2475 gold pieces (gained 27).
You now have 2502 gold pieces (gained 27).
You now have 2529 gold pieces (gained 27).
You now have 2556 gold pieces (gained 27).
You now have 2583 gold pieces (gained 27).
You are engulfed in freezing vapours.
You see here 27 gold pieces.
You are engulfed in freezing vapours.
You see here 27 gold pieces.
You are engulfed in freezing vapours.
You see here 27 gold pieces.
You are engulfed in freezing vapours.
You see here 27 gold pieces.
You now have 2610 gold pieces (gained 27).
You now have 2637 gold pieces (gained 27).
You now have 2664 gold pieces (gained 27).
You are engulfed in freezing vapours.
You see here 27 gold pieces.
You now have 2691 gold pieces (gained 27).
Really walk into that cloud of freezing vapour?
Okay, then.
You now have 2718 gold pieces (gained 27).
Really walk into that cloud of freezing vapour?
Okay, then.
You now have 2745 gold pieces (gained 27).
You are engulfed in freezing vapours.
You see here 27 gold pieces.
You now have 2772 gold pieces (gained 27).
You are engulfed in freezing vapours.
You are engulfed in freezing vapours.
* * * LOW HITPOINT WARNING * * *
You see here a +0 whip.
You now have 2799 gold pieces (gained 27).
You now have 2826 gold pieces (gained 27).
You are engulfed in freezing vapours.
You die...

..≈###'##...#...°#
..≈.)#.####'#....#
..≈(##'#....##...#
..≈##§.§§§.§.##..#
..≈#..§§§§§...#..#
..##...§§§.§..##.#
..#...§§§§.....#)#
..#.....|..§...#.#
..##........§.##@#
#'##..........#○○#
≈≈≈##........##○°#
≈≈≈≈##..(([.##°$$#
≈≈≈≈≈########°°$$#
#≈≈≈≈#≈≈≈≈≈#☼°○.$#
#'≈≈≈'≈≈.≈≈'°○°○$#
.##≈≈#≈≈≈≈≈#≈○○..#
..######'#####≈≈≈#


There were no monsters in sight!

Vanquished Creatures
  A golden dragon (D)
  A shadow dragon (D)
  4 fire giants (D)
  A lorocyproca (D)
  A deep elf annihilator (D)
  A hydra (D)
  2 centaur warriors (D)
  Sonja (D)
  A deep troll (D)
  A lindwurm (D)
  An oklob plant (D)
  2 gargoyles (D)
  4 demonic crawlers (D)
  7 unseen horrors (D)
  2 kobold demonologists (D)
  A hellwing (D)
  A meliai (D)
  A hornet (D)
  A slime creature (D)
  Sigmund (D)
  A yak (D)
  13 hogs (D)
  2 redbacks (D)
  3 floating eyes (D)
  An ogre (D)
  7 necrophages (D)
  8 jellies (D)
  Ijyb (D)
71 creatures vanquished.

Vanquished Creatures (collateral kills)
  8 shining eyes (D)
  4 floating eyes (D)
12 creatures vanquished.

Vanquished Creatures (others)
  the Lernaean hydra (D)
  2 merfolk sirens (D)
  4 hornets (D)
  2 ballistomycete spores (D)
9 creatures vanquished.

Grand Total: 92 creatures vanquished

Notes
Turn   | Place    | Note
-------+----------+-------------------------------------------
     0 | D        | mhtbhm the Gargoyle Berserker began the quest for the Orb.
     0 | D        | Reached XP level 1. HP: 14/14 MP: 1/1
     1 | D        | Noticed Ijyb
     6 | D        | Killed Ijyb
     7 | D        | Reached skill level 5 in Fighting
     7 | D        | Reached skill level 4 in Maces & Flails
     7 | D        | Reached XP level 2. HP: 21/21 MP: 2/2
     7 | D        | Reached XP level 3. HP: 26/26 MP: 3/3
    53 | D        | Noticed an ogre
    57 | D        | Killed an ogre
    58 | D        | Reached skill level 6 in Maces & Flails
    58 | D        | Reached XP level 4. HP: 8/34 MP: 4/4
   309 | D        | Noticed Sigmund
   315 | D        | Killed Sigmund
   315 | D        | Reached ** piety under Trog
   316 | D        | Reached skill level 8 in Maces & Flails
   316 | D        | Reached XP level 5. HP: 30/41 MP: 5/5
   316 | D        | Reached XP level 6. HP: 34/46 MP: 6/6
   398 | D        | Found an ornate altar of the Wu Jian Council.
   398 | D        | Found a shimmering blue altar of Sif Muna.
   400 | D        | Found a radiant altar of Vehumet.
   542 | D        | Found Teach's Weapon Emporium.
   542 | D        | Found an ancient bone altar of Kikubaaqudgha.
   542 | D        | Found a hazy altar of Hepliaklqana.
   542 | D        | Found a stormy altar of Qazlal.
   542 | D        | Found a hide-covered altar of Uskayaw.
   542 | D        | Found a blossoming altar of Fedhas.
   542 | D        | Found a bloodstained altar of Trog.
   542 | D        | Found an iron altar of Okawaru.
   542 | D        | Found a basalt altar of Yredelemnul.
   542 | D        | Found a glowing golden altar of the Shining One.
   542 | D        | Found a snail-covered altar of Cheibriados.
   542 | D        | Found a sacrificial altar of Ru.
   542 | D        | Found a glowing silver altar of Zin.
   542 | D        | Found a shadowy altar of Dithmenos.
   542 | D        | Found a white marble altar of Elyvilon.
   542 | D        | Noticed a yak
   553 | D        | Killed a yak
   554 | D        | Reached skill level 10 in Fighting
   554 | D        | Reached skill level 10 in Maces & Flails
   554 | D        | Reached skill level 5 in Armour
   554 | D        | Reached XP level 7. HP: 38/52 MP: 7/7
   554 | D        | Found an opulent altar of Gozag.
   555 | D        | Found a sparkling altar of Nemelex Xobeh.
   708 | D        | Found a burning altar of Makhleb.
   708 | D        | Found a viscous altar of Jiyva.
   708 | D        | Found a shimmering altar of Xom.
   708 | D        | Found a corrupted altar of Lugonu.
   708 | D        | Noticed a slime creature
   717 | D        | Killed a slime creature
   762 | D        | Noticed a kobold demonologist
   763 | D        | Noticed a kobold demonologist
   767 | D        | Noticed a sun demon
   768 | D        | Reached skill level 11 in Maces & Flails
   768 | D        | Reached skill level 1 in Stealth
   772 | D        | Noticed an orange demon
   773 | D        | Noticed a rust devil
   776 | D        | Killed a kobold demonologist
   776 | D        | Reached *** piety under Trog
   777 | D        | Reached skill level 5 in Dodging
   777 | D        | Reached XP level 8. HP: 60/60 MP: 8/8
   779 | D        | Killed a kobold demonologist
   780 | D        | Reached skill level 12 in Maces & Flails
   886 | D        | Noticed a centaur warrior
   886 | D        | Noticed a centaur warrior
   897 | D        | Killed a centaur warrior
   897 | D        | Reached **** piety under Trog
   898 | D        | Reached skill level 13 in Maces & Flails
   898 | D        | Reached XP level 9. HP: 56/68 MP: 9/9
   906 | D        | Killed a centaur warrior
   907 | D        | Reached skill level 14 in Maces & Flails
  1108 | D        | Noticed a hornet
  1119 | D        | Killed a hornet
  1201 | D        | Noticed an oklob plant
  1212 | D        | Killed an oklob plant
  1431 | D        | Reached skill level 15 in Maces & Flails
  1771 | D        | Killed an unseen horror
  1771 | D        | Reached ***** piety under Trog
  1772 | D        | Reached XP level 10. HP: 44/76 MP: 10/10
  1939 | D        | Killed an unseen horror
  2050 | D        | Reached skill level 5 in Stealth
  2226 | D        | Reached ****** piety under Trog
  2226 | D        | Received a gift from Trog
  2241 | D        | Reached skill level 15 in Fighting
  2290 | D        | Identified the +6 hand axe of the Unliving {flame, Str+3}
  2302 | D        | Found Soaqehya's General Store.
  2302 | D        | Found Kisyiv's Weapon Shop.
  2302 | D        | Found Wuege's Jewellery Boutique.
  2304 | D        | Found Ceimyuso's Antique Weapon Emporium.
  2304 | D        | Found Saipreeq's Distillery.
  2304 | D        | Found Cynoz's Antique Armour Shoppe.
  2304 | D        | Found Passatye's Antique Armour Boutique.
  2304 | D        | Found Bohol's General Store.
  2304 | D        | Found Ginofeor's Jewellery Shop.
  2304 | D        | Found Pithrick's Jewellery Shoppe.
  2308 | D        | Found Gawkeuma's Assorted Antiques.
  2309 | D        | Found Ypaar's Armour Emporium.
  2309 | D        | Found Poqudgh's Armour Boutique.
  2310 | D        | Found Avuklerph's Antique Armour Emporium.
  2312 | D        | Bought an embroidered scarf for 184 gold pieces
  2330 | D        | Bought a twisted plate armour for 728 gold pieces
  2330 | D        | Identified the +0 plate armour "Bypos" {+Inv rElec Stlth+}
                  | (You bought it in a shop in the Dungeon)
  2355 | D        | Bought a faintly glowing leather armour for 161 gold pieces
  2355 | D        | Identified the +3 leather armour of Makhleb's Grace {Will-
                  | Regen+ Str+6 Stlth+} (You bought it in a shop in the
                  | Dungeon)
  2365 | D        | Bought a potion of heal wounds for 60 gold pieces
  2365 | D        | Bought a potion of heal wounds for 60 gold pieces
  2365 | D        | Bought a scroll of fog for 24 gold pieces
  2365 | D        | Bought a scroll of blinking for 90 gold pieces
  2407 | D        | Noticed a deep troll
  2414 | D        | Killed a deep troll
  2415 | D        | Reached skill level 16 in Maces & Flails
  2420 | D        | Found Peij's Armour Emporium.
  2464 | D        | Noticed Sonja
  2468 | D        | Killed Sonja
  2529 | D        | Found Esiyrphie's Book Boutique.
  2575 | D        | Noticed a demonic crawler
  2575 | D        | Noticed a demonic crawler
  2575 | D        | Noticed a demonic crawler
  2575 | D        | Noticed a demonic crawler
  2580 | D        | Killed a demonic crawler
  2580 | D        | Received a gift from Trog
  2583 | D        | Killed a demonic crawler
  2588 | D        | Killed a demonic crawler
  2590 | D        | Noticed a gargoyle
  2596 | D        | Killed a demonic crawler
  2597 | D        | Reached XP level 11. HP: 82/83 MP: 11/11
  2693 | D        | Noticed a lindwurm
  2698 | D        | Killed a lindwurm
  2715 | D        | Received a gift from Trog
  2723 | D        | Reached skill level 17 in Maces & Flails
  2734 | D        | Received a gift from Trog
  2854 | D        | Noticed a 12-headed hydra
  2860 | D        | Killed a 12-headed hydra
  2861 | D        | Reached skill level 10 in Dodging
  2902 | D        | Noticed a daeva
  2916 | D        | Reached skill level 18 in Maces & Flails
  2972 | D        | Received a gift from Trog
  3098 | D        | Noticed a shining eye
  3098 | D        | Noticed a shining eye
  3098 | D        | Noticed a shining eye
  3098 | D        | Noticed a shining eye
  3098 | D        | Noticed a shining eye
  3098 | D        | Noticed a shining eye
  3100 | D        | Killed a shining eye
  3101 | D        | Killed a shining eye
  3102 | D        | Noticed a shining eye
  3102 | D        | Noticed a shining eye
  3102 | D        | Gained mutation: You sometimes lose your temper in combat.
                  | [a shining eye]
  3102 | D        | Gained mutation: You are agile. (Dex +4, Str/Int -1) [a
                  | shining eye]
  3102 | D        | Killed a shining eye
  3103 | D        | Reached skill level 19 in Maces & Flails
  3104 | D        | Killed a shining eye
  3105 | D        | Reached XP level 12. HP: 92/92 MP: 12/12
  3105 | D        | Paralysed by a floating eye for 2 turns
  3106 | D        | Received a gift from Trog
  3134 | D        | Found Safizy's Antique Weapon Shop.
  3134 | D        | Found Sucluill's Weapon Emporium.
  3134 | D        | Found Fisee's Antique Weapon Boutique.
  3135 | D        | Found Juelle Xali's General Store.
  3159 | D        | Bought a potion of might for 40 gold pieces
  3230 | D        | Bought a ring of protection from fire for 325 gold pieces
  3336 | D        | Killed a lorocyproca
  3337 | D        | Reached skill level 20 in Maces & Flails
  3472 | D        | Killed the 27-headed Lernaean hydra
  3783 | D        | Noticed a deep elf annihilator
  3905 | D        | Noticed a shadow dragon
  3905 | D        | Noticed a golden dragon
  3922 | D        | Killed a golden dragon
  3924 | D        | Killed a shadow dragon
  3925 | D        | Reached skill level 21 in Maces & Flails
  4024 | D        | Found Suni's Magic Scroll Shoppe.
  4042 | D        | Bought a scroll of fog for 24 gold pieces
  4042 | D        | Bought a scroll of enchant weapon for 90 gold pieces
  4042 | D        | Bought a scroll of fear for 42 gold pieces
  4042 | D        | Identified a scroll of acquirement
  4043 | D        | Acquired the amulet of Asceticism {RegenMP rElec rF+++
                  | Str-3 Stlth+}
  4109 | D        | Noticed a fire giant
  4112 | D        | Noticed a fire giant
  4113 | D        | Noticed a fire giant
  4114 | D        | Noticed a fire giant
  4118 | D        | Killed a fire giant
  4118 | D        | Received a gift from Trog
  4129 | D        | Killed a fire giant
  4130 | D        | Reached skill level 1 in Throwing
  4133 | D        | Killed a fire giant
  4136 | D        | Killed a fire giant
  4322 | D        | Found the +4 dragonskin cloak
  4322 | D        | Noticed Tiamat
  4618 | D        | Bought a potion of might for 52 gold pieces
  4618 | D        | Bought a potion of heal wounds for 65 gold pieces
  4618 | D        | Bought a potion of heal wounds for 65 gold pieces
  4627 | D        | Bought a shiny ring mail for 126 gold pieces
  4634 | D        | Bought a scroll of acquirement for 520 gold pieces
  4634 | D        | Bought a scroll of fog for 20 gold pieces
  4634 | D        | Bought a scroll of identify for 20 gold pieces
  4637 | D        | Bought a scroll of blinking for 210 gold pieces
  4637 | D        | Bought a scroll labelled MEDOMY HIEPP for 28 gold pieces
  4637 | D        | Bought a potion of haste for 280 gold pieces
  4642 | D        | Bought a helmet for 117 gold pieces
  4647 | D        | Acquired the +5 plate armour of Rotation {rC- rN+ Will+}
  4751 | D        | Bought a potion of curing for 30 gold pieces
  4751 | D        | Bought a +0 pair of gloves for 45 gold pieces
  4857 | D        | Killed a deep elf annihilator
  4857 | D        | Received a gift from Trog
  4858 | D        | Reached skill level 22 in Maces & Flails
  4858 | D        | Reached XP level 13. HP: 100/100 MP: 13/13
  4982 | D        | Noticed a mummy priest
  4983 | D        | Lost mutation: You are agile. (Dex +4, Str/Int -1) [potion
                  | of mutation]
  4983 | D        | Lost mutation: You sometimes lose your temper in combat.
                  | [potion of mutation]
  4983 | D        | Gained mutation: You are strong-willed. (Will+) [potion of
                  | mutation]
  4983 | D        | Gained mutation: You are highly strong-willed. (Will++)
                  | [potion of mutation]
  4983 | D        | Gained mutation: You occasionally shout uncontrollably at
                  | your foes. [potion of mutation]
  4983 | D        | Gained mutation: Your mind is acute. (Int +4, Str/Dex -1)
                  | [potion of mutation]
  4988 | D        | Noticed a jiangshi
  5431 | D        | Engulfed by a cloud of freezing vapour

Illustrated notes

Levels and vault maps discovered:
D:        dungeon_sprint_1 [red_sonja_temple_1, red_sonja_temple_small_1]

Skill      XL: |  1  2  3  4  5  6  7  8  9 10 11 12 |
---------------+-------------------------------------+-----
Fighting       | 5 7 9 10 11 13 14 16 17 19 | 19.5
Maces & Flails | 4 6 8 10 11 13 15 16 19 22 | 22.2
Dodging        | 2 3 4 5 7 9 10 12 | 12.0
Armour         | 3 4 5 6 7 8 9 |  9.8
Stealth        | 1 2 4 6 7 |  7.9
Throwing       | 1 |  1.3
Evocations     | |  0.8

Action                   |  1- 3 |  4- 6 |  7- 9 | 10-12 | 13-15 || total
-------------------------+-------+-------+-------+-------+-------++-------
Melee: Mace              |     7 |    20 |    83 |    67 |       ||   177
       Punch             |       |       |     3 |     1 |       ||     4
       Great mace        |       |       |       |   136 |    20 ||   156
Throw: Dart              |       |       |       |     3 |       ||     3
Invok: Berserk           |     2 |     1 |     5 |    10 |     1 ||    19
       Brothers in Arms  |       |       |       |     3 |       ||     3
Evoke: Wand              |       |       |       |     1 |       ||     1
  Use: Scroll            |       |       |     1 |     4 |     4 ||     9
       Potion            |       |       |     1 |       |     1 ||     2
 Stab: Sleeping          |       |       |     1 |     1 |       ||     2
Armor: Animal skin       |     1 |       |       |       |       ||     1
       Leather armour    |       |     3 |    43 |    76 |       ||   122
       Ring mail         |       |       |       |       |    14 ||    14
Dodge: Dodged            |       |    11 |    22 |   128 |    19 ||   180
       Repelled          |       |       |       |       |     2 ||     2

Table legend: (Time is in decaauts)
 A = Elapsed time spent in this place.
 B = Non-inter-level travel time spent in this place.
 C = Inter-level travel time spent in this place.
 D = Time resting spent in this place.
 E = Time spent auto-exploring this place.
 F = Levels seen in this place.
 G = Mean time per level.
                   A        B        C        D        E       F      G
               +--------+--------+--------+--------+--------+-----+--------+
         Total |   5507 |   5471 |     36 |   3102 |      1 |   1 | 5507.0 |
       Dungeon |   5507 |   5471 |     36 |   3102 |      1 |   1 | 5507.0 |
               +--------+--------+--------+--------+--------+-----+--------+

Top non-repeatable levels by time:
       D: 5507 daAuts
